 Dungeon Crawl Stone Soup version 0.15.2 (webtiles) character file.

16947 magipi the Basher (level 12, -2/123 HPs)
             Began as an Ogre Hunter on Aug 29, 2016.
             Was a Believer of the Shining One.
             Hit by a tomahawk thrown by a merfolk (15 damage)
             ... on Level 3 of the Lair of Beasts.
             The game lasted 01:33:28 (21351 turns).

magipi the Basher (Ogre Hunter)                    Turns: 21351, Time: 01:33:28

HP  -2/123       AC 10     Str 20      XL: 12   Next: 42%
MP  20/24        EV 15     Int 10      God: the Shining One [**....]
Gold 571         SH  0     Dex 14      Spells:  2 memorised, 14 levels left

rFire  + + .     SeeInvis .     a - +0 giant spiked club
rCold  + . .     Clarity  .     q - +2 robe {rC+ rF+}
rNeg   + . .     rCorr    .     (shield restricted)
rPois  .         rRot     .     u - +2 hat {MR+}
rElec  .         Spirit   .     n - +2 cloak
SustAb .         Warding  .     (gloves unavailable)
rMut   .         Rnd*Tele +     (boots unavailable)
Gourm  .                        l - amulet of rage
MR     ++...                    t - ring of teleportation
                                J - ring of stealth

@: exhausted, slowed, glowing, very slow, very resistant to hostile
enchantments, very unstealthy
A: unfitting armour, antennae 1, fire resistance 1, tough skin 1
a: Divine Shield, Renounce Religion, Evoke Berserk Rage, Evoke Teleportation


You were on level 3 of the Lair of Beasts.
You worshipped the Shining One.
The Shining One was pleased with you.
You were near starving.

You visited 3 branches of the dungeon, and saw 15 of its levels.
You also visited: Labyrinth and Bailey.

You collected 865 gold pieces.
You spent 294 gold pieces at shops.

Inventory:

Hand weapons
 a - a +0 giant spiked club (weapon)
 b - a +3 morningstar
 s - a +0 whip of flaming
 B - a +0 morningstar of holy wrath
 E - a +0 whip of freezing
Missiles
 g - a throwing net
 H - 4 large rocks (quivered)
Armour
 n - a +2 cloak (worn)
 q - a +2 robe of resistance (worn)
 u - a +2 hat of magic resistance (worn)
Magical devices
 d - a wand of disintegration (8)
 e - a wand of polymorph (10)
 v - a wand of confusion (7)
 y - a wand of fireball (0)
 D - a wand of polymorph (8)
Comestibles
 f - 3 meat rations
 r - 7 bread rations
 P - a beef jerky
 R - a royal jelly
 S - 3 rotting chunks of giant frog flesh
Scrolls
 h - 12 scrolls of remove curse
 m - 3 scrolls of fear
 C - a scroll of magic mapping
 Q - a scroll of fog
Jewellery
 l - an amulet of rage (around neck)
 p - an uncursed ring of poison resistance
 t - a ring of teleportation (right hand)
 J - a ring of stealth (left hand)
 O - an uncursed amulet of warding
Potions
 c - 2 potions of agility
 j - 7 potions of curing
 k - a potion of restore abilities
 F - a potion of brilliance
 I - a potion of resistance {unknown}
Books
 w - the Papyrus of Hexes
   (You found it in a labyrinth)

   Spells                             Type                      Level
   Confusing Touch                    Hexes                        2
   Dazzling Spray                     Conjuration/Hexes            3
   Confuse                            Hexes                        3
   Tukima's Dance                     Hexes                        3
   Discord                            Hexes                        8
 x - a book of Frost

   Spells                             Type                      Level
   Freeze                             Ice                          1
   Throw Frost                        Conjuration/Ice              2
   *Ozocubu's Armour                  Charms/Ice                   3
   Throw Icicle                       Conjuration/Ice              4
   Summon Ice Beast                   Ice/Summoning                4
   Condensation Shield                Ice                          4
 z - a book of the Dragon

   Spells                             Type                      Level
   Flight                             Charms/Air                   3
   Cause Fear                         Hexes                        4
   Bolt of Fire                       Conjuration/Fire             6
   Dragon Form                        Transmutation                7
   Dragon's Call                      Summoning                    9
 G - a book of the Warp

   Spells                             Type                      Level
   Control Teleport                   Charms/Translocation         4
   Phase Shift                        Translocation                5
   Warp Weapon                        Charms/Translocation         5
   Dispersal                          Translocation                6
   Controlled Blink                   Translocation                7
   Disjunction                        Translocation                8
 K - a book of Callings

   Spells                             Type                      Level
   Summon Small Mammal                Summoning                    1
   Call Imp                           Summoning                    2
   Call Canine Familiar               Summoning                    3
   Summon Guardian Golem              Hexes/Summoning              4
   Summon Lightning Spire             Summoning/Air                4
   Summon Ice Beast                   Ice/Summoning                4
 L - The Foundations of Wizardry
   (You found it on level 3 of the Lair of Beasts)

   Spells                             Type                      Level
   Shroud of Golubria                 Charms/Translocation         2
   Swiftness                          Charms/Air                   2
   Confusing Touch                    Hexes                        2
   Corpse Rot                         Necromancy                   2
   *Blink                             Translocation                2
Miscellaneous
 i - a lamp of fire
 N - a stone of tremors


   Skills:
 - Level 9.0 Fighting
 - Level 11.0 Maces & Flails
 - Level 5.6 Throwing
 - Level 10.0 Dodging
 - Level 0.7 Stealth
 - Level 4.2 Spellcasting
 + Level 3.7 Charms
 + Level 1.2 Translocations
 + Level 3.5 Ice Magic
 - Level 9.0 Evocations


You had 14 spell levels left.
You knew the following spells:

 Your Spells              Type           Power        Failure   Level  Hunger
a - Blink                 Tloc           N/A          24%         2    ##.....
o - Ozocubu's Armour      Chrm/Ice       #.......     17%         3    ###....


Dungeon Overview and Level Annotations

Branches:
Dungeon (11/15)            Temple (1/1) D:6            Lair (3/8) D:10
 Shoals (0/5) Lair:3
    Orc: D:9-12       Snake: Lair:3-6    Spider: Lair:3-6

Altars:
Ashenzari
Cheibriados
Dithmenos
Elyvilon
Fedhas
Kikubaaqudgha
Makhleb
Nemelex Xobeh
Okawaru
Qazlal
Sif Muna
Trog
Vehumet
Xom
Yredelemnul
Zin
The Shining One

Shops:
D:5 [   D:6 (

Annotations:
D:8 exclusions: goliath beetle and killer bee
D:9 exclusion: 2 upstairs


Innate Abilities, Weirdness & Mutations

You are too large for most types of armour.
You have tough skin (AC +1).
You have a pair of small antennae on your head.
Your flesh is heat resistant.

Vault maps used:
D:1:      onia_arrival_pentagram
D:2:      minivault_14
D:3:      first_bread
D:4:      minmay_ogre_servants, uniq_pikel, uniq_natasha
D:5:      serial_shops, nicolae_shop_statue_plus, trog_book
D:6:      minmay_temple_entry_mist, serial_shops, shop, uniq_iyjb,
          uniq_crazy_yiuf_cottage
D:7:      basic_altar
D:8:      enter_bailey_2, david_nohive_1, st_stairs_10
D:10:     minmay_lair_entry_grove
D:11:     kennysheep_generic_room_14
Temple:   minmay_crystal_snake_temple_18
Lair:1:   lab_entry_generic, serial_bayou_shore_b
Lair:2:   grunt_forest_small_clearing_treed
Lair:3:   elwin_shoals_entry_stream
Lab:      labyrinth_green, nicolae_lab_very_dead_end, labyrinth_lava_lair
Bailey:   bailey_axe_minmay_hex_keep, bailey


Message History

You bludgeon the merfolk!!
The merfolk is severely wounded.
The mermaid hits you from afar with a spear.
The merfolk hits you with a trident!
Unknown command.
Unknown command.
You bludgeon the merfolk!!
You kill the merfolk!
Your Translocations skill increases to level 1!
The mermaid chants her luring song.
The mermaid hits you from afar with a spear.
Your surroundings suddenly seem different.
You break out of your daze!
Unknown command.
You start resting.
You are feeling hungry.
You start resting.
You smell something rotten. (slot S)
You start resting.
A komodo dragon comes into view.
The komodo dragon hisses angrily.
You puncture the komodo dragon!
The komodo dragon is moderately wounded.
The komodo dragon bites you!!
Unknown command.
Use which ability? (? or * to list)
A red film seems to cover your vision as you go berserk!
You feel yourself moving faster!
You feel mighty! The komodo dragon closely misses you.
Unknown command.
You hit the komodo dragon but do no damage.
The komodo dragon is moderately wounded.
The komodo dragon barely misses you.
You puncture the komodo dragon!
The komodo dragon is severely wounded.
The komodo dragon bites you.
* * * LOW HITPOINT WARNING * * *
You barely miss the komodo dragon.
The komodo dragon is severely wounded.
Unknown command.
You sock the komodo dragon!
The komodo dragon is almost dead.
The komodo dragon closely misses you.
Unknown command.
You hit the komodo dragon.
The komodo dragon is almost dead.
The komodo dragon misses you.
You barely miss the komodo dragon.
The komodo dragon is almost dead.
The komodo dragon bites you!!
* * * LOW HITPOINT WARNING * * *
You barely miss the komodo dragon.
The komodo dragon is almost dead.
The komodo dragon barely misses you.
Unknown command.
You bludgeon the komodo dragon!!
You kill the komodo dragon!
Unknown command.
You feel a strong urge to attack something.
You are no longer berserk.
You are exhausted.
You feel yourself slow down.
You are feeling very hungry.
The komodo dragon hisses angrily.
Put on which piece of jewellery? (? for menu, Esc to quit)
You're wearing all the rings you can.
Remove which one? (? for menu, Esc to cancel) < or
J - a ring of stealth; > or
p - a ring of poison resistance You remove your ring of poison resistance.
You feel slightly jumpy.
t - a ring of teleportation (right hand) Use which ability? (? or * to list)
You feel strangely unstable.
You are near starving!
The komodo dragon bites you.
* * * LOW HITPOINT WARNING * * *
Your surroundings suddenly seem different.
A giant frog comes into view.
The giant frog gives a loud, deep croak!
The merfolk throws a tomahawk.
The tomahawk hits you!
* * * LOW HITPOINT WARNING * * *
The giant frog closely misses you.
Found a tomahawk.
Found a staircase to the Shoals.
A merfolk comes into view. It is wielding a trident.
You see here a tomahawk.
The giant frog misses you.
The giant frog hits you but does no damage.
Unknown command.
Use which ability? (? or * to list)
You feel strangely unstable.
You feel somewhat more hungry.
The giant frog hits you but does no damage.
The giant frog hits you.
* * * LOW HITPOINT WARNING * * *
The giant frog hits you but does no damage.
Unknown command.
The giant frog hits you but does no damage.
Unknown command.
Your surroundings suddenly seem different.
The merfolk throws a tomahawk.
The tomahawk hits you!
You die...

...%......... ##..#># ###...#.##
...#P..(..... ...≈≈≈≈ m.#.#..##
........P....#.≈≈≈###{ ≈.#...##
...P#.###.....≈.###.### ≈....#
.....## ..#..m###.....###....#
#....##...##..#...#.?.#....m.##
....####...m..F..............P#
..PP#P........###....##.#....P##
...........<....@..%.#.........#
....#.....###P....#...#.......##
#.##.......##..........%m.#....#
####.......####PP.#.......#...##
#P......## ###.......#...=##
##.<.....## #....##...####
#.##......# #.#......#.#
###.#...#.####.##...##.##
###...#...........# ##


You could see a merfolk.

Table legend:
 A = Kills in this place as a percentage of kills in entire the game.
 B = Kills by you in this place as a percentage of kills by you in the entire game.
 C = Kills by friends in this place as a percentage of kills by friends in the entire game.
 D = Other kills in this place as a percentage of other kills in the entire game.
 E = Experience gained in this place as a percentage of experience gained in the entire game.
 F = Experience gained in this place divided by the number of levels of this place that you have seen.
                   A       B       C       D       E      F
               +-------+-------+-------+-------+-------+----------------------
         Total | 100.0 | 100.0 | 100.0 | 100.0 | 100.0 | 1424.2
       Dungeon |  82.6 |  82.5 | 100.0 | 100.0 |  56.4 | 1240.6
          Lair |  17.1 |  17.2 |   0.0 |   0.0 |  39.2 | 3166.3
     Labyrinth |   0.3 |   0.3 |   0.0 |   0.0 |   4.4 | 1065.0
               +-------+-------+-------+-------+-------+----------------------

Vanquished Creatures
  A minotaur (Lab)
  Pikel (D:4)
  A cyclops (D:11)
  2 spiny frogs (Lair:3)
  3 komodo dragons
  A merfolk (Lair:3)
  3 blink frogs
  A basilisk (Lair:1)
  31 yaks
  A wraith (D:10)
  5 wolves
  2 hippogriffs (Lair:2)
  A water moccasin (Lair:2)
  A sky beast (D:10)
  A yellow wasp (D:10)
  12 porcupines
  2 black bears (D:10)
  6 ogres
  A necrophage (D:7)
  2 slaves
  4 orc warriors
  3 phantoms
  5 crocodiles
  The ghost of magipi the Grasshopper, an average DrWr (D:3)
  5 ice beasts
  7 centaurs
  A big kobold (D:11)
  2 jellies
  9 giant frogs
  A wyvern skeleton (D:7)
  2 killer bees (D:9)
  A cyclops skeleton (D:10)
  A hippogriff zombie (D:10)
  A yak zombie (D:11)
  5 wights
  2 crimson imps
  2 giant frog zombies (D:6)
  7 orc priests
  An elf zombie (D:9)
  Crazy Yiuf (D:6)
  14 hounds
  5 iguanas
  2 quasits
  4 orc wizards
  Natasha (thrice) (D:4)
  3 worker ants
  Ijyb (D:6)
  A hound zombie (D:10)
  10 adders
  6 green rats (D:10)
  An orc zombie (D:9)
  2 shadow imps
  2 giant mites (D:2)
  13 gnolls
  2 worms
  An adder skeleton (D:4)
  4 giant geckos
  An ooze (D:2)
  26 orcs
  11 bats
  5 giant cockroaches
  15 hobgoblins
  7 jackals (D:4)
  15 kobolds
  8 quokkas
  2 giant newts
  A giant newt zombie (D:5)
  5 giant spores (D:10)
  23 goblins
  A hobgoblin skeleton (D:5)
  A kobold skeleton (D:7)
  An orc skeleton (D:6)
  21 rats
  A rat skeleton (D:6)
  52 ballistomycetes (D:10)
409 creatures vanquished.

Vanquished Creatures (collateral kills)
  A yak (D:10)
1 creature vanquished.

Vanquished Creatures (others)
  A hill giant (D:10)
  2 slaves (D:4)
  An iguana (D:4)
  An adder (D:4)
  A worm (D:4)
  4 orcs
  10 giant spores (D:10)
  2 ballistomycetes (D:10)
  2 fungi (D:10)
  3 plants (D:10)
27 creatures vanquished.

Grand Total: 437 creatures vanquished

Notes
Turn   | Place    | Note
--------------------------------------------------------------
     0 | D:1      | magipi, the Ogre Hunter, began the quest for the Orb.
     0 | D:1      | Reached XP level 1. HP: 22/22 MP: 1/1
   514 | D:1      | Reached XP level 2. HP: 23/29 MP: 2/2
  1635 | D:2      | Reached XP level 3. HP: 32/36 MP: 3/3
  1709 | D:2      | Reached skill level 5 in Throwing
  1709 | D:2      | Reached XP level 4. HP: 44/44 MP: 4/4
  2856 | D:3      | Reached skill level 5 in Maces & Flails
  3045 | D:3      | Reached XP level 5. HP: 34/50 MP: 5/5
  3630 | D:3      | Reached skill level 6 in Maces & Flails
  3630 | D:3      | Reached XP level 6. HP: 28/59 MP: 6/6
  3833 | D:3      | Noticed magipi's ghost (average DrWr)
  4229 | D:4      | Noticed Pikel
  4552 | D:4      | Gained mutation: Your flesh is heat resistant. [potion of beneficial mutation]
  4560 | D:4      | Killed Pikel
  4560 | D:4      | Reached skill level 5 in Fighting
  4560 | D:4      | Reached skill level 8 in Maces & Flails
  4560 | D:4      | Reached XP level 7. HP: 36/72 MP: 7/7
  4760 | D:4      | Reached skill level 9 in Maces & Flails
  4990 | D:4      | Reached XP level 8. HP: 81/81 MP: 8/8
  5189 | D:4      | Noticed Natasha
  5197 | D:4      | Killed Natasha
  5234 | D:4      | Noticed Natasha
  5285 | D:4      | Killed Natasha
  5354 | D:4      | Noticed Natasha
  5363 | D:4      | Killed Natasha
  5761 | D:4      | Reached skill level 10 in Maces & Flails
  6351 | D:5      | Entered Level 5 of the Dungeon
  6351 | D:5      | Found Shrushries' Armour Boutique.
  6646 | D:5      | Reached skill level 11 in Maces & Flails
  6796 | D:5      | Found a bloodstained altar of Trog.
  7552 | D:6      | Found a staircase to the Ecumenical Temple.
  7585 | D:6      | Reached XP level 9. HP: 86/96 MP: 9/9
  7600 | Temple   | Entered the Ecumenical Temple
  7635 | Temple   | Became a worshipper of the Shining One
  8224 | D:5      | Bought a +2 hat of magic resistance for 294 gold pieces
  8328 | D:6      | Noticed Ijyb
  8342 | D:6      | Killed Ijyb
  8695 | D:6      | Noticed Crazy Yiuf
  8706 | D:6      | Killed Crazy Yiuf
  8780 | D:6      | Found Rehao's Weapon Shoppe.
  9373 | D:7      | Reached skill level 1 in Evocations
  9449 | D:7      | Gained mutation: You have a pair of small antennae on your head. [potion of beneficial mutation]
  9782 | D:7      | Reached skill level 5 in Dodging
 10087 | D:7      | Found a radiant altar of Vehumet.
 10718 | D:8      | Reached XP level 10. HP: 107/107 MP: 14/16
 10840 | D:8      | Found a flagged portal.
 10864 | Bailey   | Entered a bailey
 11169 | D:8      | Acquired the Shining One's first power
 11906 | D:9      | Reached skill level 5 in Evocations
 12688 | D:10     | Entered Level 10 of the Dungeon
 12692 | D:10     | Noticed a hill giant
 13543 | D:10     | Found a staircase to the Lair.
 13889 | D:10     | Reached XP level 11. HP: 108/115 MP: 21/21
 14743 | D:10     | Killed a hill giant
 15564 | Lair:1   | Entered Level 1 of the Lair of Beasts
 15631 | Lair:1   | Found a labyrinth entrance.
 15642 | Lab      | Entered a labyrinth
 16055 | Lab      | Noticed a minotaur
 16091 | Lab      | Killed a minotaur
 16245 | Lab      | Identified the Papyrus of Hexes
 16549 | Lair:1   | Acquired the Shining One's second power
 16784 | Lair:1   | Noticed a four-headed hydra
 17389 | Lair:1   | Learned a level 3 spell: Ozocubu's Armour
 17586 | Lair:1   | Reached skill level 10 in Dodging
 17787 | Lair:1   | Reached skill level 1 in Spellcasting
 17796 | Lair:1   | Reached skill level 1 in Ice Magic
 17939 | Lair:2   | Reached skill level 1 in Charms
 18387 | D:11     | Reached XP level 12. HP: 64/123 MP: 24/24
 19921 | D:3      | Killed magipi's ghost
 20964 | Lair:3   | Identified The Foundations of Wizardry
 20968 | Lair:3   | Learned a level 2 spell: Blink
 21247 | Lair:3   | Reached skill level 1 in Translocations
 21346 | Lair:3   | Found a staircase to the Shoals.
 21351 | Lair:3   | Hit by a tomahawk thrown by a merfolk

Action                   |  1- 3 |  4- 6 |  7- 9 | 10-12 || total
-------------------------+-------+-------+-------+-------++-------
Melee: Club              |   112 |    23 |       |       ||   135
       Whip              |       |   180 |   572 |   350 ||  1102
       Giant spiked club |       |       |    18 |    70 ||    88
       Morningstar       |       |       |       |   546 ||   546
Throw: Large rock        |     7 |    21 |    35 |    14 ||    77
       Throwing net      |       |     1 |       |     4 ||     5
 Cast: Ozocubu's Armour  |       |       |       |     2 ||     2
 Abil: Evoke Teleportati |       |       |       |     9 ||     9
       Evoke Berserk Rag |       |       |       |     2 ||     2
Evoke: Wand              |       |     3 |    11 |    15 ||    29
       Lamp of fire      |       |       |       |     1 ||     1
  Use: Potion            |       |     6 |     1 |     6 ||    13
       Scroll            |       |       |    12 |    14 ||    26
 Stab: Held in net/web   |       |     1 |       |       ||     1
       Sleeping          |       |       |     4 |     1 ||     5
  Eat: Chunk             |     2 |    10 |    11 |    10 ||    33
       Pizza             |       |       |     2 |       ||     2
       Meat ration       |       |       |     1 |     5 ||     6
       Beef jerky        |       |       |       |     1 ||     1

Action                   |  1- 3 |  4- 6 |  7- 9 | 10-12 || total
-------------------------+-------+-------+-------+-------++-------
Melee: Club              |   112 |    23 |       |       ||   135
       Whip              |       |   180 |   572 |   350 ||  1102
       Giant spiked club |       |       |    18 |    70 ||    88
       Morningstar       |       |       |       |   546 ||   546
Throw: Large rock        |     7 |    21 |    35 |    14 ||    77
       Throwing net      |       |     1 |       |     4 ||     5
 Cast: Ozocubu's Armour  |       |       |       |     2 ||     2
 Abil: Evoke Teleportati |       |       |       |     9 ||     9
       Evoke Berserk Rag |       |       |       |     2 ||     2
Evoke: Wand              |       |     3 |    11 |    15 ||    29
       Lamp of fire      |       |       |       |     1 ||     1
  Use: Potion            |       |     6 |     1 |     6 ||    13
       Scroll            |       |       |    12 |    14 ||    26
 Stab: Held in net/web   |       |     1 |       |       ||     1
       Sleeping          |       |       |     4 |     1 ||     5
  Eat: Chunk             |     2 |    10 |    11 |    10 ||    33
       Pizza             |       |       |     2 |       ||     2
       Meat ration       |       |       |     1 |     5 ||     6
       Beef jerky        |       |       |       |     1 ||     1
